 Dungeon Crawl Stone Soup version 0.30.2 (webtiles) character file.

Game seed: 16242707596582880214

373 porpoise the Trooper (level 6, -1/51 HPs)
             Began as a Demonspawn Brigand on Jan 23, 2024.
             Was a Follower of Uskayaw.
             Slain by Sigmund
             ... wielding a +0 scythe
              (9 damage)
             ... on level 5 of the Dungeon.
             The game lasted 00:11:12 (4100 turns).

porpoise the Trooper (Demonspawn Brigand)           Turns: 4100, Time: 00:11:12

Health: -1/51      AC:  7    Str: 13    XL:     6   Next: 43%
Magic:  6/6        EV: 10    Int: 12    God:    Uskayaw [*.....]
Gold:   205        SH:  0    Dex: 15    Spells: 5/5 levels left

rFire   . . .        a - +2 dagger
rCold   . . .        (no shield)
rNeg    . . .        o - +0 ring mail
rPois   .            (no helmet)
rElec   .            c - +0 cloak
rCorr   .            (no gloves)
SInv    .            g - +0 pair of boots
Will    .....        (no amulet)
Stlth   +            (no ring)
HPRegen 0.28/turn    (no ring)
MPRegen 0.10/turn

%: no passive effects
@: confused
A: demonic guardian 2
a: Renounce Religion, Stomp


You were on level 5 of the Dungeon.
You worshipped Uskayaw.
Uskayaw was noncommittal.
You visited 1 branch of the dungeon, and saw 5 of its levels.

You collected 205 gold pieces.

Inventory:

Hand Weapons
 a - a +2 dagger (weapon)
 n - a +0 rapier
Missiles
 d - 3 poisoned darts (quivered)
 e - 3 curare-tipped darts
Armour
 c - a +0 cloak (worn)
 g - a +0 pair of boots (worn)
 o - a +0 ring mail (worn)
Jewellery
 i - a ring of see invisible
 m - an amulet of regeneration
Scrolls
 p - a scroll of teleportation
Potions
 b - 3 potions of mutation
 f - a potion of might {unknown}
 j - a potion of ambrosia
 k - 2 potions of curing
 l - 2 potions of resistance
 u - a potion of flight {unknown}


   Skills:
 + Level 5.0 Fighting
 + Level 4.6 Short Blades
 - Level 1.7 Throwing
 - Level 0.8 Dodging
 - Level 3.6 Stealth


You had 5 spell levels left.
You didn't know any spells.
Your spell library contained the following spells:

 Spells                   Type           Power      Damage    Failure   Level
 Apportation              Tloc           0%         N/A       58%         1
 Necrotise                Necr           0%         1d4       58%         1
 Sandblast                Erth           0%         2d4       58%         1
 Summon Small Mammal      Summ           0%         N/A       58%         1
 Passwall                 Tmut/Erth      0%         N/A       73%         2
 Stone Arrow              Conj/Erth      0%         3d7       91%         3
 Anguish                  Hex/Necr       0%         N/A       100%        4
 Cause Fear               Hex            0%         N/A       100%        4
 Enfeeble                 Hex            0%         N/A       100%        7


Dungeon Overview and Level Annotations

Branches:
Dungeon (5/15)             Temple (0/1) D:4

Altars:
Uskayaw

Shops:
D:3 (

Annotations:
D:5 Sigmund


Innate Abilities, Weirdness & Mutations

A demonic guardian rushes to your aid.


Message History

Sigmund hits you with a +0 scythe!
Throw: 7 darts (poison)
Press: ? - help, Q - select action, (/) - cycle Shift-Dir - straight line, f/p - Sigmund
Aim: Sigmund, wielding a +0 scythe and wearing a +1 robe (57% to hit)
You throw a poisoned dart.
The poisoned dart completely misses Sigmund.
Sigmund hits you with a +0 scythe.
* * * LOW HITPOINT WARNING * * *
Throw: 6 darts (poison)
Press: ? - help, Q - select action, (/) - cycle Shift-Dir - straight line, f/p - Sigmund
Aim: Sigmund, wielding a +0 scythe and wearing a +1 robe (57% to hit)
You throw a poisoned dart.
The poisoned dart closely misses Sigmund.
Unknown command.
Throw: 5 darts (poison)
Press: ? - help, Q - select action, (/) - cycle Shift-Dir - straight line, f/p - Sigmund
Aim: Sigmund, wielding a +0 scythe and wearing a +1 robe (57% to hit)
You throw a poisoned dart. The poisoned dart hits Sigmund.
Sigmund casts a spell at you.
You are confused.
Non-targeted confused throw: 4 darts (poison)
Press: ? - help, Q - select action, (/) - cycle Dir - look around, f - activate You throw a poisoned dart.
The poisoned dart misses Sigmund.
Sigmund hits you but does no damage.
Non-targeted confused throw: 3 darts (poison)
Press: ? - help, Q - select action, (/) - cycle Dir - look around, f - activate
Okay, then.
Unknown command.
Sigmund closely misses you.
You hit Sigmund.
Sigmund is lightly wounded.
You miss Sigmund.
Sigmund is lightly wounded.
Sigmund misses you.
Sigmund hits you from afar with a +0 scythe.
* * * LOW HITPOINT WARNING * * *
A demonic guardian appears!
You're too confused to move!
Sigmund hits you from afar with a +0 scythe!
You die...

#. #.### #...#
#.#.# ####.#.##
#.......#
#...†...#
.####.....<.##
.......@.....#
#####....4...###
#....@.......
#....(.......
####.#.#.####
#.#.#.# ..#.#.#
(...# ######


You could see Sigmund (ally target) and a friendly ice devil (summoned).

Vanquished Creatures
  A hound (D:4)
  2 iguanas
  4 adders
  2 worms (D:3)
  2 dart slugs
  10 orcs
  6 endoplasms
  9 giant cockroaches
  4 goblins
  6 hobgoblins
  2 quokkas
  6 ball pythons
  5 bats
  5 kobolds
  7 rats
71 creatures vanquished.

Vanquished Creatures (collateral kills)
  An orc warrior (D:4)
  An orc priest (D:4)
  An orc wizard (D:3)
  A worm (D:2)
  A dart slug (D:4)
  4 orcs
  2 endoplasms
11 creatures vanquished.

Grand Total: 82 creatures vanquished

Notes
Turn   | Place    | Note
-------+----------+-------------------------------------------
     0 | D:1      | porpoise the Demonspawn Brigand began the quest for the
                  | Orb.
     0 | D:1      | Reached XP level 1. HP: 16/16 MP: 1/1
   119 | D:1      | Found a faded altar of an unknown god.
   303 | D:1      | Gained mutation: A weak demonic guardian rushes to your
                  | aid. [demonic ancestry]
   303 | D:1      | Reached XP level 2. HP: 22/22 MP: 2/2
   856 | D:2      | Reached XP level 3. HP: 6/28 MP: 3/3
  1885 | D:3      | Reached skill level 3 in Fighting
  1885 | D:3      | Gained mutation: A demonic guardian rushes to your aid.
                  | [demonic ancestry]
  1885 | D:3      | Reached XP level 4. HP: 9/35 MP: 4/4
  2027 | D:3      | Found a hide-covered altar of Uskayaw.
  2034 | D:3      | Became a worshipper of Uskayaw the Reveller
  2117 | D:3      | Reached * piety under Uskayaw
  2125 | D:3      | Reached ** piety under Uskayaw
  2328 | D:3      | Found Umnugaog's Antique Weapon Boutique.
  3154 | D:4      | Reached *** piety under Uskayaw
  3155 | D:4      | Reached XP level 5. HP: 21/42 MP: 5/5
  3263 | D:4      | Found a staircase to the Ecumenical Temple.
  3273 | D:4      | Noticed an orc warrior
  3283 | D:4      | Killed an orc warrior
  3284 | D:4      | Reached skill level 4 in Fighting
  3289 | D:4      | Reached XP level 6. HP: 25/49 MP: 6/6
  3973 | D:5      | Entered Level 5 of the Dungeon
  4081 | D:5      | Reached skill level 5 in Fighting
  4083 | D:5      | Noticed Sigmund
  4100 | D:5      | Slain by Sigmund

Illustrated notes

Levels and vault maps discovered:
D:1:      heliophobic_arrival_ceremonial_halls, layout_basic,
          shapermc_ecumenical_altar_flowoftime
D:2:      layout_loops_ring, chequers_serial_rivers_micro_a
D:3:      layout_loops_cross, nicolae_uskayaw_murder_on_the_dancefloor,
          serial_shops, nicolae_shop_pleasant_corner_grove
D:4:      layout_loops_ring, minmay_temple_entry_glassed_door
D:5:      layout_loops_ring, cheibriados_altar_1, vehumet_statue,
          nicolae_qazlal_style_of_elements, enter_ossuary_5,
          uniq_prince_ribbit1, uniq_sigmund

Skill      XL: |  1  2  3  4  5  6 |
---------------+-------------------+-----
Short Blades   | 2 3 4 |  4.6
Fighting       | 3 4 5 |  5.0
Throwing       | |  1.7
Dodging        | |  0.8
Stealth        | |  3.6

Action                     |  1- 3 |  4- 6 || total
---------------------------+-------+-------++-------
  Melee: Dagger            |   130 |   169 ||   299
         Punch             |       |     4 ||     4
  Throw: Dart              |       |    11 ||    11
    Use: Scroll            |     4 |     8 ||    12
   Stab: Sleeping          |     8 |     4 ||    12
 Armour: Robe              |    12 |       ||    12
         Ring mail         |     9 |    53 ||    62
  Dodge: Dodged            |    41 |    71 ||   112
